 Dungeon Sprint DCSS version 0.17-a0-1650-gce8475a (webtiles) character file.

485 Kidiri the Covert (level 6, -8/28 HPs)
             Began as a Spriggan Enchanter on Aug 13, 2015.
             Was an Initiate of Dithmenos.
             Mangled by a sun demon (12 damage)
             ... summoned by a kobold demonologist
             ... in the Dungeon (Sprint III: "The Ten Rune Challenge").
             The game lasted 00:04:44 (1419 turns).

Kidiri the Covert (Spriggan Enchanter)              Turns: 1419, Time: 00:04:45

Health: -8/28      AC:  4    Str:  4    XL:     6   Next: 88%
Magic:  3/18       EV: 26    Int: 17    God:    Dithmenos [......]
Gold:   28         SH:  0    Dex: 18    Spells: 5 memorised, 10 levels left

rFire  . . .     SeeInvis +     a - +1 dagger
rCold  . . .     Clarity  .     b - +1 robe
rNeg   . . .     SustAt   .     (shield restricted)
rPois  .         Gourm    .     (helmet restricted)
rElec  .         Spirit   .     (no cloak)
rCorr  .         Warding  .     (gloves unavailable)
rMut   .         NoTele   +     (boots unavailable)
MR     ++...                    (no amulet)
Stlth  ++++++....               (no ring)
                                (no ring)

@: very slightly contaminated, very quick, very resistant to hostile
enchantments, very stealthy
A: unfitting armour, rugged brown scales 1, see invisible, herbivore 3, speed 3,
magic resistance 1, sense surroundings 1, screaming 1, slow healing 1, slow
metabolism 2
a: Renounce Religion


You were in the Dungeon.
You worshipped Dithmenos.
Dithmenos was noncommittal.
You were not hungry.

You visited 1 branch You collected 28 gold pieces.

Inventory:

Hand weapons
 a - a +1 dagger (weapon)
Armour
 b - a +1 robe (worn)
Scrolls
 e - a scroll of amnesia {unknown}
 j - a scroll of blinking
 l - 2 scrolls of torment {unknown}
 q - 2 scrolls of remove curse
Potions
 f - a potion of heal wounds
 g - 2 potions of haste
 h - 2 potions of magic
 o - 2 potions of cure mutation
 r - a potion of flight
Comestibles
 d - a bread ration
 n - 3 royal jellies


   Skills:
 + Level 5.2 Short Blades
 * Level 10.1 Dodging
 * Level 11.1 Stealth
 * Level 8.6 Spellcasting
 + Level 2.6 Conjurations
 + Level 6.9 Hexes
 + Level 3.4 Ice Magic


You had 10 spell levels left.
You knew the following spells:

 Your Spells              Type           Power        Failure   Level  Hunger
a - Corona                Hex            ####...      1%          1    None
b - Ensorcelled Hibernat  Hex/Ice        ###...       1%          2    None
c - Confuse               Hex            ####....     1%          3    #......
d - Tukima's Dance        Hex            ####....     1%          3    #......
e - Dazzling Spray        Conj/Hex       ###.....     6%          3    #......


Dungeon Overview and Level Annotations

Branches:
Dungeon (1/1)

Altars:
Dithmenos
Gozag
Kikubaaqudgha
Makhleb
Nemelex Xobeh
Qazlal
Ru
Sif Muna
Vehumet
Xom
Jiyva
Lugonu


Innate Abilities, Weirdness & Mutations

You are tiny and cannot use many weapons and most armour.
You have supernaturally acute eyesight.
You are a herbivore.
You cover ground extremely quickly.
You need consume almost no food.
You are partially covered in rugged brown scales (AC +1, +3% HP).
You are resistant to hostile enchantments.
You passively map a small area around you.
You occasionally shout uncontrollably at your foes.
You heal slowly when monsters are visible.


Message History

The rust devil is lightly wounded.
The rust devil completely misses you. The sun demon misses you.
You hit the rust devil but do no damage.
The rust devil is lightly wounded.
The kobold demonologist miscasts a cantrip.
You hit the sun demon but do no damage.
The sun demon is lightly wounded.
The rust devil misses you.
You closely miss the sun demon.
The sun demon is lightly wounded.
The rust devil disappears in a puff of smoke!
The sun demon completely misses you.
You barely miss the kobold demonologist.
The kobold demonologist is heavily wounded.
The kobold demonologist is no longer blind.
The sun demon hits you!!
Ouch! That really hurt!
* * * LOW HITPOINT WARNING * * *
You are engulfed in flames!
You die...

#.!#......♣ ♣♣.# _ * , * *
####....♣.♣ ♣..# ,,* , , *
...#....≈.♣ ♣♣.###+#+###+##
,,
...#...≈≈♣♣♣♣♣.#..........#
,
...#..≈≈≈≈.♣.♣.'.⌠........#,
,
##[#..≈≈≈≈≈≈...#...######'#
*
...#.≈≈≈≈≈≈....#.⌠.#__#...#+
*
...#.≈≈≈≈≈.....#...#__#...#
≈
...#.≈≈≈.......#@###__#...#
* *
####...........#K3:#__#...+
*
...............#53_#_.+...#,
*
▓▓▓▓▓▓▓▓▓▓▓▓▓▓▓▓▓▓▓▓▓▓▓▓▓▓▓
, ≈ ≈ ,, * ,, , ** ≈ * ≈≈≈≈
≈ ,≈ * * ≈ ,,* ** *


You could see a sun demon (blind), a kobold demonologist, a ynoxinul and an
ufetubus.

Vanquished Creatures
  A shadow (D)
  A spatial vortex (D)
  A water elemental (D)
  A jelly (D)
  A wizard (D)
  A wolf (D)
  Jessica (D)
  A human (D)
  2 oozes (D)
  A rat (D)
11 creatures vanquished.

Vanquished Creatures (others)
  2 draconian scorchers (D)
  2 yaktaurs (D)
4 creatures vanquished.

Grand Total: 15 creatures vanquished

Notes
Turn   | Place    | Note
--------------------------------------------------------------
     0 | D        | Kidiri the Spriggan Enchanter began the quest for the Orb.
     0 | D        | Reached XP level 1. HP: 9/9 MP: 5/5
    18 | D        | Reached skill level 5 in Stealth
    22 | D        | Reached XP level 2. HP: 7/13 MP: 3/7
    26 | D        | Learned a level 2 spell: Ensorcelled Hibernation
    37 | D        | Killed a yaktaur
    51 | D        | Killed a yaktaur
   144 | D        | Killed a white draconian scorcher
   179 | D        | Killed a white draconian scorcher
   245 | D        | Noticed Jessica
   253 | D        | Killed Jessica
   253 | D        | Reached skill level 5 in Dodging
   253 | D        | Reached skill level 6 in Stealth
   253 | D        | Reached skill level 1 in Ice Magic
   253 | D        | Reached XP level 3. HP: 16/16 MP: 3/10
   258 | D        | Learned a level 3 spell: Confuse
   262 | D        | Learned a level 3 spell: Tukima's Dance
   329 | D        | Noticed a wolf
   558 | D        | Killed a wolf
   558 | D        | Reached skill level 7 in Stealth
   558 | D        | Reached skill level 5 in Spellcasting
   558 | D        | Reached skill level 5 in Hexes
   558 | D        | Reached XP level 4. HP: 19/21 MP: 1/12
   563 | D        | Learned a level 3 spell: Dazzling Spray
   726 | D        | Gained mutation: You are partially covered in rugged brown scales (AC +1, +3% HP). [potion of mutation]
   726 | D        | Gained mutation: You heal slowly when monsters are visible. [potion of mutation]
   726 | D        | Gained mutation: You occasionally shout uncontrollably at your foes. [potion of mutation]
   727 | D        | Gained mutation: You are resistant to hostile enchantments. [potion of mutation]
   727 | D        | Gained mutation: You passively map a small area around you. [potion of mutation]
   755 | D        | Noticed a water elemental
   782 | D        | Killed a water elemental
   782 | D        | Reached skill level 8 in Stealth
   782 | D        | Reached XP level 5. HP: 24/24 MP: 1/14
   975 | D        | Noticed a jelly
   976 | D        | Noticed a shadow
   979 | D        | Killed a jelly
   979 | D        | Reached skill level 1 in Conjurations
   981 | D        | Killed a shadow
   981 | D        | Reached skill level 9 in Dodging
   981 | D        | Reached skill level 10 in Stealth
   981 | D        | Reached XP level 6. HP: 21/28 MP: 2/17
  1161 | D        | Found a stormy altar of Qazlal.
  1161 | D        | Found a sacrificial altar of Ru.
  1161 | D        | Found a burning altar of Makhleb.
  1161 | D        | Found a shimmering altar of Xom.
  1161 | D        | Noticed a spatial vortex
  1162 | D        | Found a viscous altar of Jiyva.
  1162 | D        | Found a shadowy altar of Dithmenos.
  1162 | D        | Found a sparkling altar of Nemelex Xobeh.
  1162 | D        | Found a corrupted altar of Lugonu.
  1162 | D        | Found an opulent altar of Gozag.
  1167 | D        | Became a worshipper of Dithmenos the Shadowed
  1190 | D        | Killed a spatial vortex
  1190 | D        | Reached skill level 5 in Short Blades
  1190 | D        | Reached skill level 10 in Dodging
  1190 | D        | Reached skill level 11 in Stealth
  1400 | D        | Found a radiant altar of Vehumet.
  1401 | D        | Found a deep blue altar of Sif Muna.
  1401 | D        | Found an ancient bone altar of Kikubaaqudgha.
  1401 | D        | Noticed a wizard
  1403 | D        | Noticed a sun demon
  1404 | D        | Noticed a rust devil
  1406 | D        | Noticed a ynoxinul
  1408 | D        | Killed a wizard
  1419 | D        | Mangled by a sun demon

Vault maps used:
D:        dungeon_sprint_mu

Action                   |  1- 3 |  4- 6 || total
-------------------------+-------+-------++-------
Melee: Dagger            |    21 |    29 ||    50
 Cast: Corona            |     4 |       ||     4
       Ensorcelled Hiber |    10 |     1 ||    11
       Confuse           |     1 |       ||     1
       Dazzling Spray    |       |    15 ||    15
  Use: Potion            |     1 |     3 ||     4
       Scroll            |       |     4 ||     4
 Stab: Sleeping          |     4 |       ||     4
       Invisible         |       |     1 ||     1
